 Dungeon Crawl Stone Soup version 0.26-a0-259-g1effd001a9 (webtiles) character file.

Game seed: 8082411805144313220

2634 vurker the Fighter (level 9, 0/75 HPs)
             Began as a Demonspawn Brigand on July 16, 2020.
             Was a Believer of Fedhas.
             Slain by an orc warrior
             ... wielding a +0 halberd
              (16 damage)
             ... on level 8 of the Dungeon.
             The game lasted 00:10:49 (6971 turns).

vurker the Fighter (Demonspawn Brigand)             Turns: 6971, Time: 00:10:49

Health: 0/75       AC: 11    Str: 14    XL:     9   Next: 35%
Magic:  14/14      EV:  5    Int: 13    God:    Fedhas [**....]
Gold:   642        SH: 11    Dex: 15    Spells: 8/8 levels left

rFire    . . .     SeeInvis .   s - +1 dagger (elec)
rCold    . . .     Faith    .   I - +0 tower shield
rNeg     . . .     Spirit   .   w - +0 ring mail
rPois    .         Reflect  .   (helmet restricted)
rElec    .         Harm     .   c - +0 cloak
rCorr    .                      F - +0 pair of gloves
MR       +....                  p - +0 pair of boots
Stlth    ++........             t - amulet of regeneration
HPRegen  0.62/turn              A - ring of protection from magic
MPRegen  0.14/turn              (no ring)

@: no status effects
A: horns 2, molten scales 2, demonic guardian 1, rot immunity
a: Wall of Briars, Renounce Religion


You were on level 8 of the Dungeon.
You worshipped Fedhas.
Fedhas was pleased with you.
You were not hungry.

You visited 2 branches of the dungeon, and saw 9 of its levels.
You also visited: Ossuary.

You collected 642 gold pieces.

Inventory:

Hand Weapons
 m - a +2 whip of draining
   (You found it on level 1 of the Dungeon)
 s - a +1 dagger of electrocution (weapon)
   (You took it off a goblin on level 1 of the Dungeon)
 J - a +0 whip of electrocution
   (You took it off a kobold on level 8 of the Dungeon)
Missiles
 f - 2 curare-tipped darts
 q - 13 poisoned darts (quivered)
 v - a throwing net
Armour
 c - a +0 cloak (worn)
 p - a +0 pair of boots (worn)
   (You found it on level 3 of the Dungeon)
 w - a +0 ring mail (worn)
   (You found it on level 3 of the Dungeon)
 F - a +0 pair of gloves (worn)
   (You found it on level 6 of the Dungeon)
 I - a +0 tower shield (worn)
   (You found it on level 8 of the Dungeon)
Jewellery
 t - an amulet of regeneration (around neck)
   (You found it on level 2 of the Dungeon)
 A - a ring of protection from magic (left hand)
   (You found it on level 5 of the Dungeon)
Wands
 d - a wand of iceblast (11)
   (You found it on level 3 of the Dungeon)
 u - a wand of paralysis (11)
   (You found it on level 7 of the Dungeon)
 y - a wand of clouds (5)
   (You found it on level 5 of the Dungeon)
Scrolls
 b - 2 scrolls of remove curse {unknown}
 i - 2 scrolls of blinking {unknown}
 k - 11 scrolls of identify {unknown}
 l - a scroll of fear {unknown}
 n - 2 scrolls of random uselessness {unknown}
 r - 3 scrolls of teleportation {unknown}
 B - 2 scrolls of magic mapping {unknown}
 H - 2 scrolls of amnesia {unknown}
Potions
 a - a potion of lignification {unknown}
 g - 2 potions of might {unknown}
 h - 2 potions of stabbing {unknown}
 j - 4 potions of curing {unknown}
 o - 4 potions of degeneration {unknown}
 x - a potion of ambrosia {unknown}
 z - 2 potions of brilliance {unknown}
 C - a potion of resistance {unknown}
 D - 2 potions of flight {unknown}
 E - 2 potions of heal wounds {unknown}
 G - a potion of invisibility {unknown}
Comestibles
 e - 14 rations


   Skills:
 + Level 8.3 Fighting
 - Level 1.7 Short Blades
 + Level 7.6 Throwing
 - Level 0.8 Dodging
 - Level 3.6 Stealth
 + Level 1.5 Shields
 + Level 6.9 Invocations


You had 8 spell levels left.
You didn't know any spells.
Your spell library contained the following spells:

 Spells                   Type           Power        Failure   Level
 Summon Small Mammal      Summ           #...         100%        1
 Call Imp                 Summ           #.......     100%        2
 Call Canine Familiar     Summ           #.......     100%        3
 Summon Guardian Golem    Hex/Summ       #.......     100%        3
 Summon Ice Beast         Ice/Summ       #.......     100%        4
 Summon Lightning Spire   Summ/Air       #.......     100%        4


Dungeon Overview and Level Annotations

Branches:
Dungeon (8/15)             Temple (1/1) D:5         Ossuary (visited)
   Lair: D:8-11

Altars:
Ashenzari
Cheibriados
Dithmenos
Elyvilon
Fedhas
Gozag
Hepliaklqana
Kikubaaqudgha
Makhleb
Nemelex Xobeh
Okawaru
Qazlal
Ru
Sif Muna
Trog
Uskayaw
Vehumet
Wu Jian
Xom
Yredelemnul
Zin
The Shining One

Shops:
D:4 (   D:6 *

Annotations:
D:5 2 transporters, wvc's ghost, novice NaGl
D:7 3 runed translucent doors, HoaS's ghost, novice GrGl


Innate Abilities, Weirdness & Mutations

You have a pair of horns on your head.
You are mostly covered in molten scales. (AC +3)
A weak demonic guardian rushes to your aid.
You are immune to rotting.


Message History

Your white imp hits the orc but does no damage.
You block the orc warrior's attack. You block the orc's attack.
Your white imp hits the orc.
Your white imp freezes the orc.
The orc dies!
Fedhas accepts your kill.
Things that are here:
a +0 dagger; a +0 robe; an orc corpse You block the orc warrior's attack.
Your white imp hits the orc warrior but does no damage.
The orc warrior completely misses you.
Your white imp hits the orc warrior but does no damage.
Your white imp barely misses the orc warrior.
Your shield and ring mail prevent you from hitting the orc warrior.
You block the orc warrior's attack.
Your white imp hits the orc warrior but does no damage.
You barely miss the orc warrior. Your headbutt misses the orc warrior.
The orc warrior hits you with a +0 halberd!!
Your iron imp hits the orc warrior.
Your white imp hits the orc warrior.
Your white imp freezes the orc warrior.
You hit the orc warrior but do no damage.
The orc warrior hits you but does no damage.
Your white imp gestures at the orc warrior.
The puff of frost misses the orc warrior.
Your iron imp barely misses the orc warrior.
You hit the orc warrior but do no damage.
Lightning courses through the orc warrior!
The orc warrior closely misses you.
Your white imp hits the orc warrior but does no damage.
Your iron imp hits the orc warrior but does no damage.
You hit the orc warrior but do no damage.
Your headbutt misses the orc warrior.
Your white imp hits the orc warrior but does no damage.
The orc warrior hits you with a +0 halberd.
Your shield prevents you from hitting the orc warrior.
Your iron imp barely misses the orc warrior.
Your white imp closely misses the orc warrior.
The orc warrior hits you with a +0 halberd!!
* * * LOW HITPOINT WARNING * * *
You hit the orc warrior but do no damage.
Your white imp barely misses the orc warrior.
Your iron imp barely misses the orc warrior.
The orc warrior hits you with a +0 halberd!
* * * LOW HITPOINT WARNING * * *
You hit the orc warrior but do no damage.
Your white imp barely misses the orc warrior.
Your iron imp completely misses the orc warrior.
You closely miss the orc warrior. Your headbutt misses the orc warrior.
The orc warrior hits you with a +0 halberd!
You die...
Fedhas appreciates your contribution to the ecosystem.

. .............##
..
............###
..
..............#
.# #..........###
...
.#...........##
...
.......)......#
...
...#..)5....##
...
.......)o....# .#
##...?.5@....#
.##
#....#...##.....#
..#
#....#.......#..#
..# ....
#..#....#.## ...
..# ..#...... #
... .. #..
#....## ... ...
...## ... ....
...# ...


You could see an orc warrior, a friendly iron imp (summoned) and a friendly
white imp (summoned).

Vanquished Creatures
  Edmund (D:3)
  A black bear (D:8)
  3 necrophages
  An ice beast (D:7)
  2 ogres
  2 centaurs
  A big kobold (D:8)
  A bullfrog (D:7)
  2 wyvern zombies
  A wyvern skeleton (D:6)
  A scorpion (D:3)
  5 hounds
  3 bullfrog skeletons
  A jelly (D:6)
  2 iguanas
  2 iron imps (D:6)
  4 orc wizards
  5 worker ants
  8 mummies (Ossuary)
  Robin (D:2)
  3 gnolls (D:8)
  15 adders
  A white imp (D:8)
  2 ufetubi
  4 oozes
  3 dart slugs
  3 leopard geckos
  8 orcs
  10 bats
  7 giant cockroaches
  3 gnoll zombies (Ossuary)
  16 goblins
  16 hobgoblins
  17 jackals
  15 kobolds
  4 quokkas
  A ball python (D:1)
  6 frilled lizards
  3 hobgoblin zombies (Ossuary)
  A jackal skeleton (D:4)
  2 kobold zombies (Ossuary)
  A leopard gecko skeleton (D:4)
  7 rats
195 creatures vanquished.

Vanquished Creatures (collateral kills)
  A hippogriff (D:8)
  A hornet zombie (D:8)
  A big kobold (D:8)
  2 bullfrogs
  A hound (D:4)
  An orc priest (D:5)
  An iron imp (D:6)
  A leopard gecko (D:8)
  3 orcs
  A jackal (D:4)
  2 kobolds (D:8)
15 creatures vanquished.

Grand Total: 210 creatures vanquished

Notes
Turn   | Place    | Note
-------+----------+-------------------------------------------
     0 | D:1      | vurker the Demonspawn Brigand began the quest for the Orb.
     0 | D:1      | Reached XP level 1. HP: 16/16 MP: 1/1
   182 | D:1      | Gained mutation: You are partially covered in molten
                  | scales. (AC +2) [demonic ancestry]
   182 | D:1      | Reached XP level 2. HP: 21/23 MP: 2/2
   629 | D:1      | Gained mutation: A weak demonic guardian rushes to your
                  | aid. [demonic ancestry]
   629 | D:1      | Reached XP level 3. HP: 28/28 MP: 3/3
  1052 | D:2      | You fall into a shaft and drop 2 floors!
  1063 | D:4      | Reached skill level 3 in Fighting
  1195 | D:3      | Gained mutation: You are immune to rotting. [demonic
                  | ancestry]
  1195 | D:3      | Reached XP level 4. HP: 35/35 MP: 4/4
  1868 | D:2      | Noticed Robin
  2201 | D:2      | Gained mutation: You have a pair of small horns on your
                  | head. [demonic ancestry]
  2201 | D:2      | Reached XP level 5. HP: 37/42 MP: 5/5
  2379 | D:2      | Killed Robin
  2379 | D:2      | Reached skill level 4 in Fighting
  3391 | D:4      | Noticed Edmund
  3407 | D:3      | Gained mutation: You are mostly covered in molten scales.
                  | (AC +3) [demonic ancestry]
  3407 | D:3      | Reached XP level 6. HP: 37/49 MP: 6/6
  3452 | D:3      | Killed Edmund
  3452 | D:3      | Reached skill level 5 in Fighting
  3812 | D:4      | Found a glowing silver altar of Zin.
  3814 | D:4      | Found a hazy altar of Hepliaklqana.
  3815 | D:4      | Found an iron altar of Okawaru.
  3841 | D:4      | Found Geyczeoc's Weapon Boutique.
  3916 | D:5      | Entered Level 5 of the Dungeon
  3942 | D:5      | Reached skill level 5 in Throwing
  3942 | D:5      | Gained mutation: You have a pair of horns on your head.
                  | [demonic ancestry]
  3942 | D:5      | Reached XP level 7. HP: 37/56 MP: 7/7
  4058 | D:5      | Noticed wvc's ghost (novice NaGl)
  4073 | D:5      | Found a transporter.
  4129 | D:5      | Found a transporter.
  4180 | D:5      | Reached skill level 6 in Fighting
  4198 | D:5      | Found an opulent altar of Gozag.
  4395 | D:5      | Found a staircase to the Ecumenical Temple.
  4518 | Temple   | Entered the Ecumenical Temple
  4823 | Temple   | Became a worshipper of Fedhas Madash
  4964 | D:6      | Reached skill level 1 in Invocations
  5022 | D:6      | Found a sand-covered staircase.
  5040 | Ossuary  | Entered an ossuary
  5210 | Ossuary  | Reached * piety under Fedhas
  5381 | D:6      | Reached XP level 8. HP: 63/65 MP: 9/9
  5688 | D:6      | Found Liciosk's Luxury Loot.
  5740 | D:6      | Reached skill level 7 in Fighting
  5762 | D:6      | Found a burning altar of Makhleb.
  6027 | D:7      | Reached skill level 5 in Invocations
  6142 | D:7      | Found a runed translucent gate.
  6143 | D:7      | Found a runed translucent gate.
  6144 | D:7      | Found a runed translucent gate.
  6155 | D:7      | Noticed HoaS's ghost (novice GrGl)
  6421 | D:7      | Reached XP level 9. HP: 72/74 MP: 13/13
  6597 | D:8      | Reached skill level 8 in Fighting
  6603 | D:8      | Reached ** piety under Fedhas
  6775 | D:8      | Found a snail-covered altar of Cheibriados.
  6828 | D:8      | Reached skill level 1 in Shields
  6971 | D:8      | Slain by an orc warrior

Illustrated notes

Levels and vault maps discovered:
D:1:      dpeg_arrival_boxes_within_box, layout_basic, serial_bayou_pond_d,
          minmay_misc_feat_room, minmay_heptomino_l4
D:2:      layout_basic, uniq_robin
D:3:      layout_basic, first_ration, minmay_splitting_lines
D:4:      layout_cave_pools, gammafunk_temple_overflow_forgotten, serial_shops,
          kennysheep_mini, minmay_circle_x, uniq_edmund
D:5:      layout_cave_pools, overflow_temple_1_default,
          minmay_temple_entry_fiery, gammafunk_ghost_stat_death
D:6:      layout_rooms, demons_altar, nicolae_ossuary_entry_false_entrances,
          nicolae_alphabet_shops
D:7:      layout_cave_pools, ebering_ghost_rock_garden
D:8:      layout_cave_pools, basic_altar, uniq_prince_ribbit1, uniq_psyche
Temple:   minmay_temple_bridge_d

Skill      XL: |  1  2  3  4  5  6  7  8  9 |
---------------+----------------------------+-----
Throwing       | 2 3 4 5 6 7 |  7.6
Fighting       | 3 4 5 6 7 8 |  8.3
Invocations    | 2 6 |  6.9
Shields        | 1 |  1.5
Short Blades   | |  1.7
Dodging        | |  0.8
Stealth        | |  3.6

Action                   |  1- 3 |  4- 6 |  7- 9 || total
-------------------------+-------+-------+-------++-------
Melee: Dagger            |    67 |   163 |   318 ||   548
       Whip              |    36 |   125 |       ||   161
       Headbutt          |       |    21 |    58 ||    79
Invok: Wall of Briars    |       |       |     1 ||     1
 Stab: Sleeping          |     4 |     7 |     3 ||    14
       Distracted        |       |     1 |     1 ||     2
  Eat: Ration            |     1 |     2 |     3 ||     6
Armor: Robe              |    54 |    65 |       ||   119
       Ring mail         |       |    62 |   148 ||   210
Dodge: Dodged            |    70 |   194 |   137 ||   401
Block: Tower shield      |       |       |    45 ||    45

Table legend:
 A = Non-vault XP
 B = Vault XP
 C = Vault XP percentage of total XP
 D = Non-vault monster count
 E = Vault monster count
 F = Vault count percentage of total count
                 A         B        C        D         E       F
            +---------+---------+-------+---------+---------+-------
      Total |    3272 |     492 |  13.1 |     172 |      38 |  18.1
            +---------+---------+-------+---------+---------+-------
        D:1 |      44 |      15 |  25.4 |      25 |       7 |  21.9
        D:2 |      49 |      29 |  37.2 |      17 |       8 |  32.0
        D:3 |     240 |     157 |  39.5 |      44 |       1 |   2.2
        D:4 |     118 |      16 |  11.9 |      12 |       3 |  20.0
        D:5 |     409 |       0 |   0.0 |      18 |       0 |   0.0
        D:6 |     649 |     120 |  15.6 |      16 |       3 |  15.8
        D:7 |     894 |       0 |   0.0 |      14 |       0 |   0.0
        D:8 |     869 |       0 |   0.0 |      26 |       0 |   0.0
    Ossuary |       0 |     155 | 100.0 |       0 |      16 | 100.0
            +---------+---------+-------+---------+---------+-------
